 Dungeon Crawl Stone Soup version 0.17.0-28-g6e173f8 (webtiles) character file.

28 dvd the Sneak (level 2, 0/13 HPs)
             Began as a Spriggan Enchanter on Nov 22, 2015.
             Slain by Ijyb
             ... wielding a +2 dagger of venom
              (2 damage)
             ... on level 2 of the Dungeon.
             The game lasted 00:03:40 (1042 turns).

dvd the Sneak (Spriggan Enchanter)                  Turns: 1042, Time: 00:03:40

Health: 0/13       AC:  3    Str:  4    XL:     2   Next: 96%
Magic:  3/7        EV: 24    Int: 16    God:
Gold:   56         SH:  0    Dex: 21    Spells: 2 memorised, 4 levels left

rFire  . . .     SeeInvis +     a - +1 dagger
rCold  . . .     Clarity  .     b - +1 robe
rNeg   . . .     SustAt   .     (shield restricted)
rPois  .         Gourm    .     (helmet restricted)
rElec  .         Spirit   .     (no cloak)
rCorr  .         Warding  .     (gloves unavailable)
rMut   .         Stasis   .     (boots unavailable)
MR     .....                    e - amulet of rage
Stlth  ++++++....               (no ring)
                                k - ring of stealth

@: agile, lethally poisoned (0 -> -22), very quick, not resistant to hostile
enchantments, very stealthy
A: unfitting armour, see invisible, herbivore 3, speed 3, slow metabolism 2
a: Evoke Berserk Rage


You were on level 2 of the Dungeon.
You were not hungry.

You visited 1 branch of the dungeon, and saw 2 of its levels.

You collected 56 gold pieces.

Inventory:

Hand Weapons
 a - a +1 dagger (weapon)
 g - a +0 hunting sling
Missiles
 h - 32 stones (quivered)
Armour
 b - a +1 robe (worn)
Jewellery
 e - an amulet of rage (around neck)
 k - a ring of stealth (left hand)
Scrolls
 i - a scroll of identify {unknown}
 j - a scroll of amnesia {unknown}
 m - a scroll of enchant weapon {unknown}
 n - a scroll of magic mapping {unknown}
Potions
 o - a potion of poison {unknown}
Books
 c - a book of Maledictions

   Spells                             Type                      Level
   a - Corona                         Hexes                        1
   b - Ensorcelled Hibernation        Hexes/Ice                    2
   c - Confuse                        Hexes                        3
   d - Tukima's Dance                 Hexes                        3
   e - Dazzling Spray                 Conjuration/Hexes            3
Comestibles
 d - 2 bread rations
 f - a slice of pizza


   Skills:
 + Level 1.1 Short Blades
 + Level 3.2 Dodging
 + Level 5.1 Stealth
 + Level 3.1 Spellcasting
 + Level 4.2 Hexes
 + Level 0.1 Ice Magic


You had 4 spell levels left.
You knew the following spells:

 Your Spells              Type           Power        Failure   Level  Hunger
a - Corona                Hex            ###....      4%          1    #......
b - Ensorcelled Hibernat  Hex/Ice        #.....       14%         2    ##.....


Dungeon Overview and Level Annotations

Branches:
Dungeon (2/15)

Altars:

Annotations:
D:2 Ijyb


Innate Abilities, Weirdness & Mutations

You are tiny and cannot use many weapons and most armour.
You have supernaturally acute eyesight.
You are a herbivore.
You cover ground extremely quickly.
You need consume almost no food.


Message History

Confirm with . or Enter, or press ? or * to list all spells.
Aiming: Corona
Press: ? - help, Shift-Dir - straight line, f/p - Ijyb
Aim: Ijyb, wielding a dagger of venom and wearing a leather armour (almost dead, chance to defeat MR: 61%) Ijyb is outlined in light.
Ijyb hits you with a dagger of venom.
You are lethally poisoned!
You hit Ijyb.
Ijyb is almost dead.
You feel sick. Ijyb closely misses you.
You hit Ijyb but do no damage.
Ijyb is almost dead.
* * * LOW HITPOINT WARNING * * *
You feel sick. Ijyb hits you but does no damage.
You are more poisoned.
Drink which item? (? for menu, Esc to quit)
It was a potion of agility.
You feel agile all of a sudden.
* * * LOW HITPOINT WARNING * * *
You feel sick. Ijyb hits you with a dagger of venom.
You die...

#.. g # #.#.#.#### #.# #.#
#.#.#..... #.# ###.###.#.#....#
#.# #####.#.....#.#.....
########.# #...........#.#....#
<......#.#####.#.........#.#.##.#
.......#.#.....#<#.####.##.......
......).........g................
#####.)#.#......@..####..#...##.#
#..#.#.#.............#...##.#
#.g#.#.#.#########...###.##.#
#..#.#.#.#########..[....##.#
#..#.#..............#######.#
#.<#.###.#########..........#
.>.............†..........###
##.#.##............######.# #.#.
#............# #.#


You could see Ijyb.

Vanquished Creatures
  An adder (D:2)
  2 giant cockroaches (D:1)
  2 hobgoblins
  A ball python (D:1)
  5 bats (D:1)
  2 giant newts
  3 goblins
  2 kobolds
  3 rats (D:1)
21 creatures vanquished.

Notes
Turn   | Place    | Note
--------------------------------------------------------------
     0 | D:1      | dvd the Spriggan Enchanter began the quest for the Orb.
     0 | D:1      | Reached XP level 1. HP: 9/9 MP: 5/5
   423 | D:1      | Reached XP level 2. HP: 13/13 MP: 6/6
   428 | D:1      | Learned a level 2 spell: Ensorcelled Hibernation
   831 | D:2      | Reached skill level 5 in Stealth
   878 | D:2      | Noticed Ijyb
  1042 | D:2      | Slain by Ijyb

Action                   || total
-------------------------++-------
Melee: Dagger            ||    26
 Cast: Corona            ||     4
       Ensorcelled Hiber ||    11
  Use: Potion            ||     1
 Stab: Sleeping          ||    18
